 Dungeon Crawl Stone Soup version 0.30.1-4-g462c640d31 (webtiles) character file.

Game seed: 137637556421204205

48 leafyfresh the Sneak (level 3, -15/34 HPs)
             Began as a Naga Delver on Aug 17, 2023.
             Demolished by an ogre
             ... wielding a +0 giant club
              (17 damage)
             ... on level 5 of the Dungeon.
             The game lasted 00:01:29 (798 turns).

leafyfresh the Sneak (Naga Delver)                   Turns: 798, Time: 00:01:29

Health: -15/34     AC:  2    Str: 14    XL:     3   Next: 72%
Magic:  3/3        EV:  9    Int: 12    God:
Gold:   51         SH:  0    Dex: 12    Spells: 2/2 levels left

rFire   . . .        a - +0 short sword
rCold   . . .        (no shield)
rNeg    . . .        b - +0 leather armour
rPois   +            (no helmet)
rElec   .            (no cloak)
rCorr   .            (no gloves)
SInv    +            (no barding)
Will    .....        (no amulet)
Stlth   +++          (no ring)
HPRegen 0.25/turn    (no ring)
MPRegen 0.08/turn

%: no passive effects
@: very slow
A: AC +1, large, see invisible, deformed body, poison resistance, slowness 2,
spit poison 1, naga tail 1
a: Spit Poison


You were on level 5 of the Dungeon.
You visited 1 branch of the dungeon, and saw 1 of its levels.

You collected 51 gold pieces.

Inventory:

Hand Weapons
 a - a +0 short sword (weapon)
Armour
 b - a +0 leather armour (worn)
 k - a +0 pair of gloves
Wands
 g - a wand of digging (3)
Scrolls
 c - a scroll of fog
 d - a scroll of magic mapping
 i - a scroll of identify {unknown}
Potions
 f - a potion of haste
 h - a potion of attraction {unknown}
 j - a potion of mutation {unknown}


   Skills:
 + Level 3.4 Fighting
 + Level 2.5 Short Blades
 + Level 2.1 Dodging
 + Level 7.7 Stealth


You had 2 spell levels left.
You didn't know any spells.
Your spell library was empty.

Dungeon Overview and Level Annotations

Branches:
Dungeon (5/15)
 Temple: D:4-7

Altars:


Innate Abilities, Weirdness & Mutations

Your serpentine skin is tough. (AC +1)
You have supernaturally acute eyesight. (SInv)
Armour fits poorly on your strangely shaped body.
Your system is resistant to poisons. (rPois)
You cover ground very slowly.
You can spit poison.
You have a snake-like lower body.


Message History

Found a scroll labelled TOIRYTW XAFUUKK. 2 orcs come into view.
Found a tiny ruby amulet.
You see here a +0 pair of gloves.
k - a +0 pair of gloves Unknown command.
You can't see any hostile targets in range.
Unknown command.
An orc and an orc priest come into view.
Found a scroll labelled DODOENT MIKKOJYGH.
An ogre comes into view. It is wielding a +0 giant club.
An ogre is nearby!
Found a brass wand.
The ogre barely misses you.
As you read the scroll of fear, it crumbles to dust.
You assume a fearsome visage.
The ogre looks frightened!
The ogre cries, "Mercy!"
Unknown command.
An ogre is nearby!
Unknown command.
Aiming: Spit Poison (2% risk of failure)
Press: ? - help, Q - select action Shift-Dir - straight line, f - ogre
Aim: an ogre, wielding a +0 giant club (81% to hit)
The splash of poison hits the ogre!
The ogre is poisoned.
The ogre is moderately wounded.
Unknown command.
Unknown command.
You barely miss the ogre.
The ogre is moderately wounded.
The ogre hits you with a +0 giant club!!
Ouch! That really hurt!
* * * LOW HITPOINT WARNING * * *
You hit the ogre. You punch the ogre.
The ogre is heavily wounded.
The ogre looks more healthy.
You hit the ogre.
The ogre is severely wounded.
You have got your breath back.
The ogre hits you with a +0 giant club!
Ouch! That really hurt!
You die...

#..#.#.# #.....#
##.#.#.# #.....#
##.#.#.######.###.#
####..........##.###.#
..........###.#.#.##.#
####..##.## #..###...#
#O.##.# ###.#.####
#..##.# ##O## #..##.#
#@# #..##.# #.#
......##.# #.#
.........#######.#
.................#
O.....############
#######


You could see an ogre.

Vanquished Creatures
  An iguana (D:5)
  2 adders (D:5)
  A dart slug (D:5)
  An orc (D:5)
5 creatures vanquished.

Notes
Turn   | Place    | Note
-------+----------+-------------------------------------------
     0 | D:5      | leafyfresh the Naga Delver began the quest for the Orb.
     0 | D:5      | Reached XP level 1. HP: 21/21 MP: 1/1
    36 | D:5      | Reached XP level 2. HP: 16/28 MP: 2/2
   227 | D:5      | Reached XP level 3. HP: 25/34 MP: 3/3
   743 | D:5      | Noticed an ogre
   798 | D:5      | Demolished by an ogre

Illustrated notes

Levels and vault maps discovered:
D:5:      layout_loops_ring, minmay_temple_entry_glass, serial_shops,
          nicolae_shop_stone, lexackson_kobold_supper, uniq_pikel

Skill      XL: |  1  2  3 |
---------------+----------+-----
Dodging        | 2 |  2.1
Fighting       | |  3.4
Short Blades   | |  2.5
Stealth        | |  7.7

Action                     || total
---------------------------++-------
  Melee: Short sword       ||    22
         Punch             ||     1
Ability: Spit Poison       ||     5
    Use: Scroll            ||     1
 Armour: Leather armour    ||     2
  Dodge: Dodged            ||     9
